 Dungeon Crawl Stone Soup version 0.30-a0-777-ga9a30cbeda (webtiles) character file.

Game seed: 289295926183192650

1684 jimonade the Basher (level 9, -5/80 HPs)
             Began as an Ogre Gladiator on Feb 13, 2023.
             Was a Believer of Okawaru.
             Slain by a yak (16 damage)
             ... on level 5 of the Dungeon.
             The game lasted 00:08:08 (5279 turns).

jimonade the Basher (Ogre Gladiator)                Turns: 5279, Time: 00:08:09

Health: -5/80      AC:  3    Str: 22    XL:     9   Next: 2%
Magic:  7/9        EV: 12    Int: 11    God:    Okawaru [**....]
Gold:   215        SH:  5    Dex: 10    Spells: 8/8 levels left

rFire   . . .      SeeInvis .    a - +6 whip "Xatteh Itipp" {heavy, Fly}
rCold   . . .      Faith    .    (no shield)
rNeg    . . .      Spirit   .    b - +0 robe
rPois   .          Reflect  +    c - +0 hat
rElec   .          Harm     .    (no cloak)
rCorr   .          Rampage  .    (gloves unavailable)
Will    +....      Clarity  +    (boots unavailable)
Stlth   +++                      k - amulet of reflection
HPRegen 0.33/turn                (no ring)
MPRegen 0.11/turn                (no ring)

@: heroic, flying
A: large, unfitting armour, tough skin 1, hooves 1, clarity, frail 1,
strong-willed 1
a: Renounce Religion, Heroism


You were on level 5 of the Dungeon.
You worshipped Okawaru.
Okawaru was pleased with you.
You visited 1 branch of the dungeon, and saw 5 of its levels.

You collected 215 gold pieces.

Inventory:

Hand Weapons
 a - the +6 whip "Xatteh Itipp" (weapon) {heavy, Fly}
   (You found it on level 3 of the Dungeon)

   Fly:       It grants you flight.
 A - a +1 flail
Missiles
 d - 2 throwing nets (quivered)
 e - a large rock
 r - 54 stones
 w - 10 poisoned darts
 y - 4 boomerangs
 z - a curare-tipped dart
Armour
 b - a +0 robe (worn)
 c - a +0 hat (worn)
Jewellery
 g - a ring of ice
 k - an amulet of reflection (around neck)
 B - a ring of wizardry
Wands
 n - a wand of flame (25)
 q - a wand of paralysis (3)
 s - a wand of digging (1)
Scrolls
 f - 5 scrolls of enchant weapon
 j - a scroll of poison
 o - a scroll of magic mapping
 p - 2 scrolls of immolation
Potions
 h - a potion of attraction
 i - 3 potions of curing
 l - 2 potions of lignification
 m - a potion of heal wounds
 t - a potion of haste {unknown}
 u - a potion of flight
 v - 5 potions of magic
 x - a potion of resistance


   Skills:
 + Level 5.7(10.7) Fighting
 * Level 9.0(14.0) Maces & Flails
 + Level 2.2(7.2) Throwing
 + Level 4.1(9.1) Dodging
 + Level 2.3(7.3) Shields
 + Level 0.7 Invocations


You had 8 spell levels left.
You didn't know any spells.
Your spell library contained the following spells:

 Spells                   Type           Power      Damage    Failure   Level
 Foxfire                  Conj/Fire      0%         2x1d4     34%         1
 Fireball                 Conj/Fire      0%         3d3       100%        5
 Starburst                Conj/Fire      0%         6d3       100%        6


Dungeon Overview and Level Annotations

Branches:
Dungeon (5/15)
 Temple: D:4-7

Altars:
Cheibriados
Elyvilon
Fedhas
Gozag
Okawaru
Uskayaw
Zin


Innate Abilities, Weirdness & Mutations

You are too large for most types of armour.
You have tough skin. (AC +1)
You have large cloven feet.
You possess an exceptional clarity of mind.
You are frail. (-10% HP)
You are strong-willed. (Will+)


Message History

You whack the yak!
The yak is moderately wounded.
The yak closely misses you.
You thrash the yak!! Your kick misses the yak.
The yak is almost dead.
The yak closely misses you. x2
You whack the yak!
You kill the yak!
Okawaru accepts your kill. The yak closely misses you.
You whack the yak!
The yak is moderately wounded.
The yak barely misses you. x2
You whack the yak! Your kick misses the yak.
The yak is severely wounded.
The yak closely misses you. The yak barely misses you.
You whack the yak!
You kill the yak!
Okawaru accepts your kill. The yak gores you!
* * * LOW HITPOINT WARNING * * *
Your Maces & Flails skill increases to level 9!
You have reached level 9!
Your experience leads to an increase in your attributes!
Increase (S)trength, (I)ntelligence, or (D)exterity?
You feel stronger. x3
You gain the combat prowess of a mighty hero.
The yak gores you!
* * * LOW HITPOINT WARNING * * *
You whack the yak! You kick the yak.
The yak is heavily wounded.
You hit the yak. You kick the yak.
The yak is severely wounded.
The yak gores you.
* * * LOW HITPOINT WARNING * * *
You hit the yak. You kick the yak, but do no damage.
You punch the yak, but do no damage.
The yak is severely wounded.
The yak gores you!
You die...

........#......#
###...... .......
#........##....####.
#...................
#.....'#.##.....##..#
#.....'#.#..........#
#...).......#.#..#..##
######.......#.###....#
#....).......#.Y@†....#
..####.......########.#
..# ####'#### ..# #.#
.<# #.# ..# #.# ..# #..
..# ### ...


You could see a yak.

Vanquished Creatures
  Pikel (D:4)
  5 yaks (D:5)
  A centaur (D:4)
  An ogre (D:5)
  2 lemures
  A kobold brigand (D:4)
  A howler monkey (D:4)
  An orc priest (D:5)
  A hound (D:4)
  Ijyb (D:3)
  An iguana (D:4)
  Robin (D:3)
  3 adders
  A worm (D:4)
  3 orcs (D:5)
  8 endoplasms
  7 giant cockroaches
  15 goblins
  7 hobgoblins
  5 quokkas
  4 ball pythons
  7 bats
  3 frilled lizards
  25 kobolds
  4 rats
109 creatures vanquished.

Vanquished Creatures (others)
  74 plants (D:4)
74 creatures vanquished.

Grand Total: 183 creatures vanquished

Notes
Turn   | Place    | Note
-------+----------+-------------------------------------------
     0 | D:1      | jimonade the Ogre Gladiator began the quest for the Orb.
     0 | D:1      | Reached XP level 1. HP: 22/22 MP: 1/1
   203 | D:1      | Reached skill level 3 in Maces & Flails
   213 | D:1      | Reached XP level 2. HP: 26/29 MP: 2/2
   508 | D:1      | Found a faded altar of an unknown god.
   807 | D:1      | Reached XP level 3. HP: 36/36 MP: 3/3
  1718 | D:3      | Noticed Ijyb
  1735 | D:3      | Killed Ijyb
  1736 | D:3      | Reached skill level 4 in Maces & Flails
  1736 | D:3      | Reached XP level 4. HP: 17/45 MP: 4/4
  1992 | D:3      | Found an opulent altar of Gozag.
  2204 | D:3      | Found a snail-covered altar of Cheibriados.
  2272 | D:3      | Found a blossoming altar of Fedhas.
  2323 | D:3      | Noticed Robin
  2375 | D:3      | Gained mutation: You possess an exceptional clarity of
                  | mind. [potion of mutation]
  2375 | D:3      | Gained mutation: You have large cloven feet. [potion of
                  | mutation]
  2375 | D:3      | Gained mutation: You are frail. (-10% HP) [potion of
                  | mutation]
  2375 | D:3      | Gained mutation: You are strong-willed. (Will+) [potion of
                  | mutation]
  2381 | D:3      | Killed Robin
  2382 | D:3      | Reached XP level 5. HP: 38/47 MP: 5/5
  2638 | D:3      | Identified the +6 whip "Xatteh Itipp" {heavy, Fly}
  2750 | D:3      | Found a glowing silver altar of Zin.
  2798 | D:4      | Noticed a lemure
  2827 | D:3      | Killed a lemure
  3203 | D:4      | Noticed a centaur
  3211 | D:4      | Killed a centaur
  3212 | D:4      | Reached skill level 5 in Maces & Flails
  3212 | D:4      | Reached skill level 1 in Shields
  3429 | D:4      | Reached XP level 6. HP: 52/54 MP: 6/6
  3446 | D:4      | Identified the +1 leather armour of Pucudor {Harm rCorr
                  | Str+4 Dex-3}
  3828 | D:4      | Found an iron altar of Okawaru.
  3861 | D:4      | Became a worshipper of Warmaster Okawaru
  3974 | D:4      | Found a white marble altar of Elyvilon.
  3974 | D:4      | Found a hide-covered altar of Uskayaw.
  4195 | D:4      | Noticed Pikel
  4213 | D:4      | Killed Pikel
  4213 | D:4      | Reached * piety under Okawaru
  4213 | D:4      | Reached ** piety under Okawaru
  4214 | D:4      | Reached skill level 7 in Maces & Flails
  4214 | D:4      | Reached XP level 7. HP: 49/63 MP: 7/7
  4379 | D:4      | Reached XP level 8. HP: 29/71 MP: 6/8
  5153 | D:5      | Entered Level 5 of the Dungeon
  5243 | D:5      | Noticed a yak
  5243 | D:5      | Noticed a yak
  5245 | D:5      | Noticed a yak
  5245 | D:5      | Noticed a yak
  5246 | D:5      | Noticed a yak
  5248 | D:5      | Noticed a yak
  5256 | D:5      | Killed a yak
  5257 | D:5      | Reached skill level 5 in Fighting
  5264 | D:5      | Killed a yak
  5265 | D:5      | Reached skill level 8 in Maces & Flails
  5269 | D:5      | Killed a yak
  5272 | D:5      | Killed a yak
  5275 | D:5      | Killed a yak
  5276 | D:5      | Reached skill level 9 in Maces & Flails
  5276 | D:5      | Reached XP level 9. HP: 24/80 MP: 9/9
  5279 | D:5      | Slain by a yak

Illustrated notes

Levels and vault maps discovered:
D:1:      minmay_arrival_up_and_down, layout_basic,
          shapermc_ecumenical_altar_totnotflames
D:2:      layout_basic, serial_glass, glass_columns_b, glass_columns_b,
          minmay_tetromino_o4
D:3:      layout_basic, pdpol_temple_overflow_zin_treasury_gozag_greed,
          nicolae_overflow_hidden_temple, cheibriados_altar_1, uniq_robin,
          uniq_ijyb
D:4:      kennysheep_kobold_camp, layout_basic, lemuel_doored_altar,
          mainiacjoe_overflow_divided_tiny, grunt_decor_clamped, uniq_pikel
D:5:      minmay_evil_eye, layout_basic, minmay_temple_entry_antechambers,
          minmay_misc_feat_tiny

Skill      XL: |  1  2  3  4  5  6  7  8 |
---------------+-------------------------+-----
Maces & Flails | 3 4 5 7 9 |  9.0
Fighting       | 3 4 5 |  5.7
Dodging        | 3 4 |  4.1
Shields        | 1 2 |  2.3
Throwing       | |  2.2
Invocations    | |  0.7

Action                     |  1- 3 |  4- 6 |  7- 9 || total
---------------------------+-------+-------+-------++-------
  Melee: Flail             |   157 |   173 |    56 ||   386
         Punch             |       |     4 |     2 ||     6
         Kick              |       |    23 |    24 ||    47
         Whip              |       |       |    34 ||    34
  Throw: Throwing net      |       |     3 |       ||     3
 Invoke: Heroism           |       |       |     5 ||     5
    Use: Potion            |       |     3 |       ||     3
         Scroll            |       |    10 |       ||    10
   Stab: Sleeping          |     1 |       |       ||     1
         Held in net/web   |       |     2 |       ||     2
 Armour: Robe              |    52 |    34 |     5 ||    91
         Skin              |       |    15 |       ||    15
  Dodge: Dodged            |    83 |    60 |    38 ||   181
  Block: Other             |    25 |    39 |    13 ||    77
         Reflection        |       |     1 |     3 ||     4

Table legend: (Time is in decaauts)
 A = Elapsed time spent in this place.
 B = Non-inter-level travel time spent in this place.
 C = Inter-level travel time spent in this place.
 D = Time resting spent in this place.
 E = Time spent auto-exploring this place.
 F = Levels seen in this place.
 G = Mean time per level.
                   A        B        C        D        E       F      G
               +--------+--------+--------+--------+--------+-----+--------+
         Total |   5337 |   4932 |    405 |    946 |   2960 |   5 | 1067.4 |
       Dungeon |   5337 |   4932 |    405 |    946 |   2960 |   5 | 1067.4 |
               +--------+--------+--------+--------+--------+-----+--------+

Top non-repeatable levels by time:
     D:3: 1725 daAuts
     D:4: 1719 daAuts
     D:1: 900 daAuts
     D:2: 873 daAuts
     D:5: 119 daAuts
